 Dungeon Crawl Stone Soup version 0.17-a0-1570-g74b7129 (webtiles) character file.

102 abixa the Chopper (level 4, -15/37 HPs)
             Began as a Minotaur Gladiator on July 23, 2015.
             Killed from afar by Ijyb (18 damage)
             ... with a wand of draining
             ... on level 3 of the Dungeon.
             The game lasted 00:05:45 (2747 turns).

abixa the Chopper (Minotaur Gladiator)              Turns: 2747, Time: 00:05:45

Health: -15/37     AC: 10    Str: 20    XL:     4   Next: 50%
Magic:  3/3        EV:  6    Int:  5    God:
Gold:   242        SH:  0    Dex: 11    Spells: 0 memorised, 3 levels left

rFire  . . .     SeeInvis .     a - +0 war axe
rCold  . . .     Clarity  .     l - +0 plate armour
rNeg   . . .     SustAt   .     (no shield)
rPois  .         Gourm    .     c - +0 hat
rElec  .         Spirit   .     (no cloak)
rCorr  .         Warding  .     (no gloves)
rMut   .         Stasis   .     (no boots)
MR     .....                    (no amulet)
Stlth  ..........               (no ring)
                                (no ring)

@: heavily drained, not resistant to hostile enchantments, extremely unstealthy
A: retaliatory headbutt, horns 2
a: no special abilities


You were on level 3 of the Dungeon.
You were not hungry.

You visited 1 branch of the dungeon, and saw 3 of its levels.

You collected 242 gold pieces.

Inventory:

Hand weapons
 a - a +0 war axe (weapon)
 f - a +2 dagger of venom
 m - a +0 hunting sling
 s - a +0 spear
 t - a +0 hunting sling of freezing
Missiles
 d - 3 throwing nets (quivered)
 h - 25 stones
 i - 26 arrows
 n - 5 needles of frenzy
 q - 22 poisoned needles
 B - 35 sling bullets
Armour
 c - a +0 hat (worn)
 l - a +0 plate armour (worn)
 o - a +0 ring mail
Scrolls
 b - 2 scrolls of teleportation {unknown}
 g - 3 scrolls of remove curse {unknown}
 k - 2 scrolls of recharging {unknown}
 p - a scroll of fog {unknown}
 w - a scroll of enchant weapon {unknown}
 x - a scroll of identify {unknown}
 y - a scroll of amnesia {unknown}
Potions
 j - 4 potions of curing
 r - a potion of heal wounds {unknown}
 u - a potion of poison {unknown}
 z - a potion of haste {unknown}
 A - a potion of lignification {unknown}
 C - a potion of agility {unknown}
Comestibles
 e - 2 bread rations
 v - a beef jerky
 D - a chunk of flesh


   Skills:
 - Level 2.4(0.5) Fighting
 + Level 6.4(4.3) Axes
 - Level 2.0(0.1) Throwing
 - Level 3.2(1.3) Dodging


You had 3 spell levels left.
You didn't know any spells.

Dungeon Overview and Level Annotations

Branches:
Dungeon (3/15)

Altars:

Annotations:
D:3 Duffy's ghost, average CeFE; Ijyb


Innate Abilities, Weirdness & Mutations

You reflexively headbutt those who attack you in melee.
You have a pair of horns on your head.


Message History

You hit Ijyb but do no damage. You headbutt Ijyb, but do no damage.
You closely miss the bat.
The bat is heavily wounded.
The bat hits you but does no damage. Ijyb completely misses you.
You hit Ijyb but do no damage. You headbutt Ijyb!
Ijyb is moderately wounded.
The bat hits you but does no damage. Ijyb screams, "Me kill you!"
Ijyb zaps a wand.
The bolt of negative energy hits you!
You feel drained.
Ijyb zaps a wand.
The bolt of negative energy hits you!
You feel drained.
* * * LOW HITPOINT WARNING * * *
You hit Ijyb.
Ijyb is heavily wounded.
You slash the bat!
You kill the bat!
Ijyb zaps a wand.
The bolt of negative energy hits you!
You feel drained.
You die...

.........#######......#.#.
.#####................#.#.
####.######.###...... #.#
#.#...#.#.. #.#
#.#.#...... #.#
#.#.#.#.#.# #.#
#.#.#...... ########.###
#.#.####... .......@.%.#
#.#.# #### .......g†..#
#.# ...........# #.#
...........# #.#
...........# ...........#
.?.........# ...........#


You could see Ijyb.

Vanquished Creatures
  3 adders
  A gnoll (D:1)
  3 worms (D:2)
  A giant gecko (D:2)
  An orc (D:3)
  5 giant cockroaches
  4 goblins
  8 hobgoblins
  7 jackals
  4 kobolds
  13 bats
  2 giant newts
  3 rats (D:1)
55 creatures vanquished.

Notes
Turn   | Place    | Note
--------------------------------------------------------------
     0 | D:1      | abixa the Minotaur Gladiator began the quest for the Orb.
     0 | D:1      | Reached XP level 1. HP: 18/18 MP: 0/0
    92 | D:1      | Reached skill level 4 in Axes
    92 | D:1      | Reached XP level 2. HP: 4/25 MP: 1/1
   793 | D:1      | Reached skill level 5 in Axes
   873 | D:1      | Reached XP level 3. HP: 30/30 MP: 2/2
  1696 | D:2      | Reached XP level 4. HP: 32/37 MP: 3/3
  1705 | D:2      | Reached skill level 6 in Axes
  2482 | D:3      | Noticed Duffy's ghost (average CeFE)
  2739 | D:3      | Noticed Ijyb
  2747 | D:3      | Killed from afar by Ijyb

Vault maps used:
D:1:      grunt_arrival_crossed_arrows
D:3:      minitemple, serial_glass, glass_columns_a, glass_columns_a,
          first_bread, kennysheep_generic_room_6, uniq_grinder, uniq_iyjb

Action                   |  1- 3 |  4- 6 || total
-------------------------+-------+-------++-------
Melee: War axe           |    84 |    43 ||   127
  Use: Potion            |     1 |       ||     1
  Eat: Chunk             |     2 |     4 ||     6
